 Dungeon Crawl Stone Soup version 0.14-a0-181-gf6fe0c6 (console) character file.

469 caseyjones the Basher (level 6, 0/58 HPs)
             Began as an Ogre Hunter on Oct 6, 2013.
             Slain by an orc
             ... wielding a +0,+1 orcish dagger
              (2 damage)
             ... on Level 3 of the Dungeon.
             The game lasted 00:19:48 (2482 turns).

caseyjones the Basher (Ogre Hunter)                 Turns: 2482, Time: 00:19:49

HP   0/58        AC  4     Str 18      XL: 6   Next: 54%
MP   5/5         EV  7     Int 10      God:
Gold 132         SH 15     Dex 12      Spells:  0 memorised,  5 levels left

Res.Fire  : + . .   See Invis. : .   a - +0 hammer
Res.Cold  : . . .   Warding    : .   r - +0 robe (curse)
Life Prot.: . . .   Conserve   : .   v - +1 shield {rF+}
Res.Poison: .       Res.Corr.  : .   (helmet restricted)
Res.Elec. : .       Clarity    : .   s - +0 cloak
Sust.Abil.: . .     Spirit.Shd : .   (gloves unavailable)
Res.Mut.  : .       Stasis     : .   (boots unavailable)
Res.Rott. : .       Flight     : .   (no amulet)
Saprovore : + . .                    (no ring)
                                     (no ring)

@: slightly resistant to hostile enchantments, unstealthy
A: unfitting armour, fast metabolism 1, saprovore 1, tough skin 1
a: no special abilities


You were on level 3 of the Dungeon.
You were not hungry.

You visited 1 branch of the dungeon, and saw 3 of its levels.

You collected 112 gold pieces.

Inventory:

Hand weapons
 a - a +0,+0 hammer (weapon)
Missiles
 b - 5 large rocks (quivered)
 c - 2 throwing nets
Armour
 r - a cursed +0 robe (worn)
 s - a +0 cloak (worn)
 v - a +1 shield of fire resistance (worn)
 w - a +0 robe
Comestibles
 f - 2 meat rations
 g - 2 pears
 n - a slice of pizza
 B - 4 chunks of gnoll flesh
Scrolls
 d - a scroll of magic mapping {unknown}
 e - 3 scrolls of teleportation {unknown}
 h - a scroll of remove curse {unknown}
 l - 2 scrolls of identify {unknown}
 o - 2 scrolls of recharging {unknown}
 q - a scroll of curse jewellery {unknown}
 t - a scroll of noise {unknown}
 y - a scroll of enchant weapon I {unknown}
 z - 3 scrolls of enchant weapon II {unknown}
 A - a scroll of enchant armour {unknown}
Jewellery
 u - an uncursed ring of magical power {unknown}
Potions
 i - 2 potions of heal wounds {unknown}
 j - a potion of speed {unknown}
 k - a potion of degeneration {unknown}
 m - a potion of slowing {unknown}
 p - 3 potions of curing


   Skills:
 - Level 2.6 Fighting
 + Level 8.5 Maces & Flails
 - Level 4.3 Throwing
 - Level 1.7 Dodging
 - Level 0.7 Stealth


You had 5 spell levels left.
You didn't know any spells.

Dungeon Overview and Level Annotations

Branches:
Dungeon (3/27)

Altars:


Innate Abilities, Weirdness & Mutations

You are too large for most types of armour.
You have a fast metabolism.
You can tolerate rotten meat.
You have tough skin (AC +1).


Message History

The orc hits you.
* * * LOW HITPOINT WARNING * * *
You hit the orc.
The orc is almost dead.
The orc barely misses you.
You hit the orc.
You kill the orc!
You completely miss the rat. You block the rat's attack.
You hit the rat.
You kill the rat!
You hit the orc but do no damage. The orc hits you with an orcish dagger.
* * * LOW HITPOINT WARNING * * *
You hit the orc.
The orc is moderately wounded.
The orc hits you with an orcish dagger.
* * * LOW HITPOINT WARNING * * *
You hit the orc.
The orc is moderately wounded.
The orc hits you with an orcish dagger.
You die...

.......##.##...........
...##.........#....#########
.......##.#.......####. .
#.......#.#............#
.......##+#...###.....
#...##..#.####..######.##
..%%...#..........###.
#.......#........### #..#
.......#...#......#
....#...####..#....###.##
...........'......#
.....#..........#.#.#...#
..........##......#
..........##.....##.#.#.###
..........##......#
....#.........#...##.#.#.####
####......##......#
...........###....##.#......#
....##..........
......#...........##.########
.....##.........
................###.#
.....##......
#+#.................#
....##..... ###
#@#........)...##.### . #...
......#o#!................#
.............>......##...#.#
........#......^........#.#
r.##....#........#..#...# .
...................##..#
.......................#
#####............##...#
..#......#.).. .
.............. . .


You could see an orc.

Vanquished Creatures
  A hippogriff (D:3)
  Crazy Yiuf (D:2)
  An orc wizard (D:3)
  Jessica (D:2)
  2 adders
  3 gnolls (D:3)
  2 worms (D:2)
  2 giant geckos
  An ooze (D:2)
  3 orcs (D:3)
  2 ball pythons
  9 bats
  4 giant cockroaches
  8 hobgoblins
  5 jackals (D:2)
  5 kobolds
  A quokka (D:2)
  2 giant newts
  9 goblins
  8 rats
70 creatures vanquished.

Notes
Turn   | Place    | Note
--------------------------------------------------------------
     0 | D:1      | caseyjones, the Ogre Hunter, began the quest for the Orb.
     0 | D:1      | Reached XP level 1. HP: 20/20 MP: 0/0
   250 | D:1      | Reached XP level 2. HP: 7/28 MP: 1/1
  1079 | D:2      | Reached XP level 3. HP: 35/35 MP: 2/2
  1458 | D:2      | Noticed Jessica
  1470 | D:2      | Killed Jessica
  1470 | D:2      | Reached skill level 5 in Maces & Flails
  1470 | D:2      | Reached XP level 4. HP: 10/44 MP: 3/3
  1830 | D:2      | Noticed Crazy Yiuf
  1845 | D:2      | Killed Crazy Yiuf
  1845 | D:2      | Reached skill level 6 in Maces & Flails
  1845 | D:2      | Reached XP level 5. HP: 40/50 MP: 4/4
  2201 | D:3      | Noticed a hippogriff
  2206 | D:3      | Killed a hippogriff
  2206 | D:3      | Reached skill level 8 in Maces & Flails
  2206 | D:3      | Reached XP level 6. HP: 58/58 MP: 5/5
  2481 | D:3      | HP: 2/58 [orc/orcish dagger (1)]
  2482 | D:3      | Slain by an orc

Action                   |  1- 3 |  4- 6 || total
-------------------------+-------+-------++-------
Melee: Club              |    49 |       ||    49
       Mace              |    96 |    20 ||   116
       Hammer            |       |   100 ||   100
Throw: Large rock        |     2 |    13 ||    15
  Use: Potion            |       |     1 ||     1
